 Dungeon Crawl Stone Soup version 0.31-a0-246-g8cbcc1cb85 (webtiles) character file.

Game seed: 1509977943197483528

102 qw the Shooter (level 4, -6/26 HPs)
             Began as a Gargoyle Hexslinger on July 12, 2023.
             Mangled by an iguana (7 damage)
             ... on level 3 of the Dungeon.
             The game lasted 00:00:41 (1536 turns).

qw the Shooter (Gargoyle Hexslinger)                Turns: 1536, Time: 00:00:42

Health: -6/26      AC:  8    Str: 12    XL:     4   Next: 77%
Magic:  5/5        EV: 10    Int: 13    God:
Gold:   61         SH:  0    Dex: 14    Spells: 4/5 levels left

rFire   . . .        Y - +1 sling
rCold   . . .        (no shield)
rNeg    + . .        l - +0 ring mail
rPois   inf          (no helmet)
rElec   +            (no cloak)
rCorr   .            (no gloves)
SInv    .            (no boots)
Will    .....        (no amulet)
Stlth   +            (no ring)
HPRegen 0.24/turn    (no ring)
MPRegen 0.09/turn

%: no passive effects
@: no status effects
A: sickness immunity, AC +3, negative energy resistance 1, electricity
resistance, torment resistance 1, petrification resistance
a: no special abilities


You were on level 3 of the Dungeon.
You visited 1 branch of the dungeon, and saw 3 of its levels.

You collected 61 gold pieces.


Innate Abilities, Weirdness & Mutations

You are immune to sickness and miasma.
Your stone body is resilient. (AC +3)
You are immune to poison.
You resist negative energy. (rN+)
You are resistant to electric shocks. (rElec)
You are resistant to unholy torment.
You are immune to petrification.


   Skills:
 - Level 2.0 Fighting
 + Level 4.2 Ranged Weapons
 - Level 1.2 Armour
 - Level 1.5 Dodging
 - Level 1.0 Spellcasting
 - Level 2.6 Hexes


You had 4 spell levels left.
You knew the following spells:

 Your Spells              Type           Power      Damage    Failure   Level
a - Slow                  Hex            28%        N/A       22%         1

Your spell library contained the following spells:

 Spells                   Type           Power      Damage    Failure   Level
 Inner Flame              Hex/Fire       4%         N/A       73%         3
 Portal Projectile        Hex/Tloc       8%         N/A       73%         3
 Cause Fear               Hex            3%         N/A       91%         4

Inventory:

Hand Weapons
 Y - a +1 sling (weapon)
Armour
 l - a +0 ring mail (worn)
Potions
 a - a potion of mutation {unknown}
 e - a potion of resistance {unknown}
 g - a potion of degeneration {unknown}
 h - a potion of invisibility {unknown}

Dungeon Overview and Level Annotations

Branches:
Dungeon (3/15)

Altars:


Message History

What level of the Dungeon? (default 1, ? - help)
There is a stone staircase leading down here.
You climb downwards.
There is a stone staircase leading up here.
Waypoint 2 assigned to D:3.
An iguana and an adder come into view.
The iguana hisses angrily.
You shoot a sling bullet.
The sling bullet barely misses the adder.
You shoot a sling bullet.
The sling bullet barely misses the adder.
You shoot a sling bullet.
The sling bullet barely misses the adder.
The adder bites you but does no damage.
You shoot a sling bullet. The sling bullet hits the adder.
The adder is moderately wounded.
The adder closely misses you.
You shoot a sling bullet. The sling bullet hits the adder.
The adder is almost dead.
The adder bites you but does no damage. The adder bites you.
You shoot a sling bullet.
The sling bullet closely misses the adder.
The sling bullet hits the iguana but does no damage.
The adder bites you but does no damage. x2
You shoot a sling bullet. The sling bullet hits the adder.
You kill the adder!
The iguana barely misses you.
You shoot a sling bullet.
The sling bullet hits the iguana but does no damage.
The iguana bites you!
You shoot a sling bullet. The sling bullet hits the iguana.
The iguana is moderately wounded.
The iguana bites you!
You shoot a sling bullet. The sling bullet hits the iguana.
The iguana is heavily wounded.
The iguana bites you. x2
You shoot a sling bullet. The sling bullet hits the iguana.
The iguana is severely wounded.
The iguana bites you!
You die...

#.# #.# #.#
#.# ## #.#
... #.# ....
#<# .....
####.##....!.
#....@l......
####.##......
#.# ..... #.#
.... #.# ...
#.# .. #.# #
#.#


You could see an iguana.

Vanquished Creatures
  3 gnolls (D:2)
  3 adders
  A dart slug (D:2)
  A ball python (D:2)
  5 bats
  3 endoplasms (D:1)
  2 giant cockroaches
  4 goblins
  4 hobgoblins (D:1)
  5 jackals
  2 quokkas
  3 frilled lizards
  A kobold (D:1)
  6 rats
43 creatures vanquished.

Notes
Turn   | Place    | Note
-------+----------+-------------------------------------------
     0 | D:1      | qw the Gargoyle Hexslinger began the quest for the Orb.
     0 | D:1      | Reached XP level 1. HP: 12/12 MP: 2/2
     0 | D:1      | 0 ||| qw: Version: 0.3-a-52-g30416fa
     0 | D:1      | 0 ||| qw: Game counter: 6338
     0 | D:1      | 0 ||| qw: Melee chars always use a shield: true
     0 | D:1      | 0 ||| qw: God list: Okawaru
     0 | D:1      | 0 ||| qw: Allow faded altars: false
     0 | D:1      | 0 ||| qw: Do Orc after clearing Dungeon:15 true
     0 | D:1      | 0 ||| qw: Do second Lair branch before Depths: true
     0 | D:1      | 0 ||| qw: Lair rune preference: random
     0 | D:1      | 0 ||| qw: Goals: Normal
     0 | D:1      | 0 ||| PLANNING D:1-11
    93 | D:1      | Reached XP level 2. HP: 14/16 MP: 3/3
   159 | D:1      | Reached skill level 3 in Ranged Weapons
   207 | D:1      | Found a faded altar of an unknown god.
   363 | D:1      | Reached XP level 3. HP: 21/21 MP: 4/4
   684 | D:1      | 684 ||| UPGRADING to +0 leather armour.
   694 | D:1      | 694 ||| DROPPING +0 robe.
   695 | D:1      | 695 ||| UPGRADING to +0 ring mail.
   705 | D:1      | 705 ||| DROPPING +0 leather armour.
   706 | D:1      | 706 ||| READING scroll labelled YSHOESEGAU.
   707 | D:1      | 707 ||| READING scroll labelled MEOC GINGILAVO.
   708 | D:1      | 708 ||| READING scroll labelled WIUNEO BEUBUDAA.
   709 | D:1      | 709 ||| READING scroll labelled ZEGOLA JULUTRA.
   710 | D:1      | 710 ||| READING scroll labelled POOPPEIRED.
   711 | D:1      | 711 ||| DROPPING scroll of poison.
  1108 | D:2      | Reached XP level 4. HP: 26/26 MP: 5/5
  1312 | D:2      | Reached skill level 4 in Ranged Weapons
  1350 | D:2      | Reached skill level 1 in Armour
  1508 | D:2      | 1508 ||| READING 2 scrolls labelled FIMIUMUSMUFF.
  1509 | D:2      | 1509 ||| READING scroll labelled IMINO GALYJ.
  1514 | D:2      | 1514 ||| READING scroll labelled KIEMIBAZIO.
  1515 | D:2      | 1515 ||| DROPPING scroll of noise.
  1534 | D:3      | HP: 3/26 [iguana (10)]
  1535 | D:3      | HP: 1/26 [iguana (1)]
  1536 | D:3      | Mangled by an iguana

Levels and vault maps discovered:
D:1:      dpeg_arrival_arbitrary_b, layout_basic,
          ebering_ecumenical_altar_petrified, minmay_misc_feat_alley
D:2:      layout_loops_ring, nicolae_grassy_gnolls
D:3:      wad_crossroads, layout_basic, overflow_temple_1_default,
          mainiacjoe_overflow_chevrons, uniq_ijyb

Skill      XL: |  1  2  3  4 |
---------------+-------------+-----
Ranged Weapons | 3 4 |  4.2
Fighting       | 2 |  2.0
Armour         | 1 |  1.2
Dodging        | |  1.5
Spellcasting   | |  1.0
Hexes          | |  2.6

Action                     |  1- 3 |  4- 6 || total
---------------------------+-------+-------++-------
   Fire: Sling             |   113 |    61 ||   174
    Use: Scroll            |     5 |     3 ||     8
 Armour: Robe              |     7 |       ||     7
         Ring mail         |    39 |    20 ||    59
  Dodge: Dodged            |    86 |    17 ||   103

Table legend:
 A = Non-vault XP
 B = Vault XP
 C = Vault XP percentage of total XP
 D = Non-vault monster count
 E = Vault monster count
 F = Vault count percentage of total count
                 A         B        C        D         E       F
            +---------+---------+-------+---------+---------+-------
      Total |     105 |      41 |  28.1 |      40 |       3 |   7.0
            +---------+---------+-------+---------+---------+-------
        D:1 |      41 |       0 |   0.0 |      23 |       0 |   0.0
        D:2 |      51 |      41 |  44.6 |      16 |       3 |  15.8
        D:3 |      13 |       0 |   0.0 |       1 |       0 |   0.0
            +---------+---------+-------+---------+---------+-------
